 Dungeon Crawl Stone Soup version 0.26.1-11-gd32895ea62 (webtiles) character file.

Game seed: 6941054792814357088

138 Descartes the Sneak (level 5, -5/22 HPs)
             Began as a Felid Wanderer on June 22, 2021.
             Killed by divine providence
             ... invoked by an orc priest
              (12 damage)
             ... on level 3 of the Dungeon.
             The game lasted 00:04:40 (4219 turns).

Descartes the Sneak (Felid Wanderer)                Turns: 4219, Time: 00:04:41

Health: -5/22      AC:  1    Str: 10    XL:     5   Next: 1%
Magic:  7/7        EV: 19    Int: 11    God:
Gold:   74         SH:  0    Dex: 17    Spells: 5/6 levels left
                                        Lives:  0   Deaths: 1

rFire    . . .     SeeInvis +     - Unarmed
rCold    . . .     Faith    .   (shield unavailable)
rNeg     . . .     Spirit   .   (armour unavailable)
rPois    .         Reflect  .   (helmet unavailable)
rElec    .         Harm     .   (cloak unavailable)
rCorr    .         Rampage  .   (gloves unavailable)
Will     .....                  (boots unavailable)
Stlth    ++++......             (no amulet)
HPRegen  0.07/turn              (no ring)
MPRegen  0.10/turn              (no ring)

@: quick
A: very small, no armour, no weapons or thrown items, stealth, claws 1, fangs 3,
see invisible, speed 1, shaggy fur 1, sharp paws
a: no special abilities


You were on level 3 of the Dungeon.
You visited 1 branch of the dungeon, and saw 3 of its levels.

You collected 74 gold pieces.

Inventory:

Jewellery
 l - an uncursed ring of willpower
Scrolls
 a - a scroll of fear
 b - a scroll of blinking
 c - 2 scrolls of teleportation
 d - a scroll of immolation {unknown}
 e - a scroll of identify {unknown}
 g - 3 scrolls of remove curse {unknown}
 h - a scroll of enchant weapon {unknown}
Potions
 f - a potion of attraction {unknown}
 i - a potion of heal wounds {unknown}
 j - 2 potions of ambrosia {unknown}
 k - a potion of flight {unknown}
 m - 2 potions of brilliance {unknown}
 n - a potion of curing {unknown}
 o - a potion of experience {unknown}
 p - a potion of lignification {unknown}


   Skills:
 - Level 1.0 Fighting
 + Level 4.3 Dodging
 + Level 5.3 Stealth
 + Level 3.8 Unarmed Combat
 - Level 1.0 Spellcasting
 - Level 1.5 Translocations
 - Level 1.0 Fire Magic
 - Level 1.1 Evocations


You had 5 spell levels left.
You knew the following spells:

 Your Spells              Type           Power        Failure   Level
a - Apportation           Tloc           6%           17%         1

Your spell library contained the following spells:

 Spells                   Type           Power        Failure   Level
 Teleport Other           Tloc           3%           45%         3


Dungeon Overview and Level Annotations

Branches:
Dungeon (3/15)

Altars:
Ashenzari
Okawaru
Xom

Annotations:
D:3 Grinder


Innate Abilities, Weirdness & Mutations

You cannot wear armour.
You are incapable of wielding weapons or throwing items.
Your paws allow you to move quietly. (Stealth)
You have sharp claws.
You have razor-sharp teeth.
You have supernaturally acute eyesight. (SInv)
You cover ground quickly.
You are covered in fur. (AC +1)
Your sharp claws are effective at attacking unaware monsters.


Message History

The orc closely misses you. x2; The orc barely misses you.
You barely miss the orc.
The orc is moderately wounded.
The orc priest barely misses you. The orc completely misses you.
The orc barely misses you. The orc hits you with a +0 club.
You claw the orc!
You kill the orc!
The orc priest misses you. The orc completely misses you.
The orc hits you with a +0 club.
Welcome back to level 5!
There are monsters nearby!
The orc priest hits you.
Things that are here:
a +0 club; a +0 leather armour You scratch the orc priest.
The orc priest is moderately wounded.
The orc priest invokes the aid of Beogh against you.
Beogh smites you!
Ouch! That really hurt!
You die...

# ..##.# # #8†8#
#.###.##.#.#
##.##
#.....##.#.#
##.##
#..$.o.....#
#8.8#
......#o##.###
##.## ###.#
#o##.# ##.## #
#.##.# #8.8#
#.#o##.#######.##
#...oo@.....##'#
###.##.####....#
#.##.# ######
#.##.# .....#
######


You could see an orc priest and 2 orcs.

Vanquished Creatures
  Jessica (D:2)
  Robin (D:2)
  5 adders
  5 gnolls
  4 worms
  5 dart slugs
  A leopard gecko (D:1)
  2 orcs (D:3)
  3 giant cockroaches
  15 goblins
  8 hobgoblins
  5 jackals
  5 kobolds
  2 bats
  3 frilled lizards
  4 rats
69 creatures vanquished.

Notes
Turn   | Place    | Note
-------+----------+-------------------------------------------
     0 | D:1      | Descartes the Felid Wanderer began the quest for the Orb.
     0 | D:1      | Descartes set off with the following items: a scroll of
                  | fear, a scroll of blinking, a scroll of teleportation; and
                  | the following spell memorised: Apportation; and the
                  | following spells available to memorise: Teleport Other
     0 | D:1      | Reached XP level 1. HP: 9/9 MP: 3/3
    26 | D:1      | Found an iron altar of Okawaru.
    54 | D:1      | Reached skill level 3 in Stealth
    54 | D:1      | Reached XP level 2. HP: 7/12 MP: 4/4
   501 | D:1      | Reached XP level 3. HP: 14/15 MP: 5/5
  1367 | D:2      | Noticed Jessica
  1372 | D:2      | Killed Jessica
  1373 | D:2      | Reached skill level 4 in Stealth
  1373 | D:2      | Reached XP level 4. HP: 19/19 MP: 6/6
  2210 | D:2      | Reached XP level 5. HP: 22/22 MP: 7/7
  2570 | D:2      | Reached skill level 5 in Stealth
  2674 | D:2      | Noticed Robin
  2694 | D:2      | Slain by a hobgoblin
  2695 | D:2      | Reached XP level 4. HP: 0/19 MP: 6/6
  2782 | D:2      | Found a shimmering altar of Xom.
  2782 | D:2      | Found a broken altar of Ashenzari.
  3179 | D:3      | Noticed Grinder
  3205 | D:2      | Killed Robin
  4210 | D:3      | Reached XP level 5. HP: 11/22 MP: 7/7
  4219 | D:3      | Killed from afar by an orc priest

Illustrated notes

Levels and vault maps discovered:
D:1:      nzn_arrival_crosshair, layout_basic, okawaru_ov_weapons_minmay
D:2:      cheibrodos_old_hovel, layout_basic,
          gammafunk_temple_overflow_elements, uniq_jessica, uniq_robin
D:3:      layout_loops_ring, dk_noncrumbling_2, evilmike_ruin_ashenzari,
          uniq_natasha, uniq_grinder

Skill      XL: |  1  2  3  4  5 |
---------------+----------------+-----
Dodging        | 2 3 4 |  4.3
Stealth        | 3 4 5 |  5.3
Unarmed Combat | 3 |  3.8
Fighting       | |  1.0
Spellcasting   | |  1.0
Translocations | |  1.5
Fire Magic     | |  1.0
Evocations     | |  1.1

Action                   |  1- 3 |  4- 6 || total
-------------------------+-------+-------++-------
Melee: Unarmed           |    67 |   124 ||   191
       Bite              |     3 |    10 ||    13
       Punch             |     1 |       ||     1
 Stab: Sleeping          |    11 |    10 ||    21
       Distracted        |       |     1 ||     1
Armor: Skin              |     2 |    10 ||    12
Dodge: Dodged            |    43 |    94 ||   137
